 Dungeon Crawl Stone Soup version 0.30-b1-2-g02819fbbbe (webtiles) character file.

Game seed: 14864284684125816148

153 asdfasdf the Chopper (level 5, 0/47 HPs)
             Began as a Hill Orc Fighter on May 3, 2023.
             Killed from afar by an orc wizard (6 damage)
             ... with a magic dart
             ... on level 3 of the Dungeon.
             The game lasted 00:05:21 (2117 turns).

asdfasdf the Chopper (Hill Orc Fighter)             Turns: 2117, Time: 00:05:23

Health: 0/47       AC: 16    Str: 21    XL:     5   Next: 35%
Magic:  5/5        EV:  8    Int:  8    God:
Gold:   91         SH:  0    Dex: 10    Spells: 4/4 levels left

rFire   . . .        n - +2 flail (protect)
rCold   . . .        i - orb {*Rage}
rNeg    . . .        r - +0 chain mail
rPois   .            (no helmet)
rElec   .            (no cloak)
rCorr   .            (no gloves)
SInv    .            (no boots)
Will    .....        (no amulet) Stlth
                     p - +4 ring of slaying
HPRegen 0.27/turn    (no ring)
MPRegen 0.09/turn

%: random rage (20%)
@: mighty, under a protective aura, on berserk cooldown
A: no striking features
a: Convert to Beogh


You were on level 3 of the Dungeon.
You visited 1 branch of the dungeon, and saw 3 of its levels.

You collected 91 gold pieces.

Inventory:

Hand Weapons
 a - a +0 war axe
 n - a +2 flail of protection (weapon)
Armour
 i - an orb of wrath (worn)
 r - a +0 chain mail (worn)
Jewellery
 f - a ring of poison resistance
 g - a ring of see invisible
 h - a ring of flight
 p - a +4 ring of slaying (left hand)
Wands
 e - a wand of acid (12)
Scrolls
 j - 2 scrolls of noise
 l - a scroll of amnesia {unknown}
 m - a scroll of blinking {unknown}
Potions
 b - a potion of haste {unknown}
 c - a potion of invisibility {unknown}
 k - a potion of berserk rage


   Skills:
 + Level 4.5 Fighting
 + Level 5.1 Axes
 + Level 0.2(2.5) Maces & Flails
 + Level 4.2 Armour
 + Level 0.3 Dodging
 + Level 3.6 Shields


You had 4 spell levels left.
You didn't know any spells.
Your spell library contained the following spells:

 Spells                   Type           Power      Damage    Failure   Level
 Ensorcelled Hibernation  Hex/Ice        0%         N/A       99%         2
 Spider Form              Tmut/Pois      0%         N/A       100%        3
 Anguish                  Hex/Necr       0%         N/A       100%        4


Dungeon Overview and Level Annotations

Branches:
Dungeon (3/15)

Altars:


Message History

The orc hits you with a +0 whip.
The orc wizard hits you with a +0 dagger.
The orc closely misses you. The orc hits you with a +0 whip.
The orc wizard hits you but does no damage.
The orc hits you but does no damage. The orc attacks as you move away!
The orc hits you with a +0 whip.
The orc wizard points at you and mumbles some strange words.
You resist with some effort.
The orc wizard hits you with a +0 dagger.
You hit the orc.
Your weapon exudes an aura of protection.
The orc is severely wounded.
The orc wizard points at you and mumbles some strange words.
The puff of flame hits you. The orc barely misses you.
The orc hits you but does no damage.
The orc wizard hits you but does no damage.
You barely miss the orc.
The orc is severely wounded.
The orc priest miscasts a cantrip.
The orc wizard closely misses you. The orc hits you but does no damage.
The orc hits you with a +0 short sword.
The orc wizard hits you with a +0 dagger.
You sock the orc!
Your weapon exudes an aura of protection.
You kill the orc!
You feel yourself speed up.
The orc priest invokes the aid of Beogh against you.
Beogh smites you!
* * * LOW HITPOINT WARNING * * *
The orc wizard mumbles some strange words.
The orc wizard flickers and vanishes!
The orc priest casts a cantrip, but nothing happens.
The orc closely misses you.
You feel very mighty all of a sudden.
The orc priest invokes the aid of Beogh against you.
Something writhes in agony!
The orc barely misses you.
You hear some strange, mumbled words.
A magic dart appears from out of thin air!
The magic dart hits you.
You die...

....#.# .. .#..#
....... .#..:. #.#...
.....# ..... .. w.
....[
#.##..##...#####...
..................
.###..#......#.!o# .#
...# #.....o{# .###..
#...#.#@# ...#.#
#.......# .#.#.#
###.....#..# .(...#
#........#
.#.#.########.####..#
...#....).......# #.#
.###.########.#.# ...
.#...# #.#... .#.
.###.# #.# #... #


You could see an orc priest and an orc.

Vanquished Creatures
  A scorpion (D:3)
  A gnoll (D:1)
  3 adders
  4 orcs (D:3)
  6 ball pythons
  5 bats
  7 endoplasms
  A giant cockroach (D:2)
  4 goblins
  3 hobgoblins
  2 jackals (D:2)
  6 kobolds
  2 quokkas (D:2)
  4 frilled lizards
  4 rats
53 creatures vanquished.

Notes
Turn   | Place    | Note
-------+----------+-------------------------------------------
     0 | D:1      | asdfasdf the Hill Orc Fighter began the quest for the Orb.
     0 | D:1      | Reached XP level 1. HP: 19/19 MP: 1/1
   186 | D:1      | Reached XP level 2. HP: 24/27 MP: 2/2
   327 | D:1      | Reached skill level 3 in Axes
   327 | D:1      | Reached XP level 3. HP: 12/33 MP: 3/3
  1311 | D:2      | Reached XP level 4. HP: 40/40 MP: 4/4
  1313 | D:2      | Found a faded altar of an unknown god.
  1327 | D:2      | Reached skill level 4 in Axes
  1876 | D:3      | Identified the +1 robe of the Journeyman {Harm Int+3}
  1995 | D:3      | Noticed a scorpion
  2002 | D:3      | Killed a scorpion
  2003 | D:3      | Reached skill level 5 in Axes
  2003 | D:3      | Reached XP level 5. HP: 32/47 MP: 5/5
  2117 | D:3      | Killed from afar by an orc wizard

Illustrated notes

Levels and vault maps discovered:
D:1:      dpeg_arrival_signposts, layout_rooms
D:2:      layout_basic, serial_co_window_serial, co_window_corner_a,
          co_window_paths_a, co_window_corner_a, co_window_paths_a,
          co_window_cross_1, co_window_broadway_a, co_window_broadway_a,
          co_window_unsneaky_path_d, co_window_cross_4, co_window_corner_b,
          glass_columns_a, glass_columns_c, glass_columns_a, glass_columns_b,
          glass_columns_a, hellmonk_ecumenical_altar_arch_garden, minmay_unequal
D:3:      layout_basic, minmay_misc_feat_roman, hangedman_decor_lopped,
          kennysheep_generic_room_15

Skill      XL: |  1  2  3  4 |
---------------+-------------+-----
Fighting       | 4 |  4.5
Axes           | 3 5 |  5.1
Armour         | 4 |  4.2
Maces & Flails | |  0.2
Dodging        | |  0.3
Shields        | |  3.6

Action                     |  1- 3 |  4- 6 || total
---------------------------+-------+-------++-------
  Melee: War axe           |    80 |    33 ||   113
         Flail             |       |    17 ||    17
    Use: Scroll            |     5 |       ||     5
         Potion            |     2 |     1 ||     3
 Armour: Scale mail        |    50 |       ||    50
         Chain mail        |    14 |    46 ||    60
  Dodge: Dodged            |    41 |    26 ||    67
  Block: Buckler           |     5 |       ||     5
